3AAA
HIALEAH DODOS @ PORT ROYAL DISASTER
07/03/2034
 
TOP OF THE 1ST
Hialeah Dodos batting - Pitching for Port Royal Disaster : RHP Elton Mobley
Pitching: RHP Elton Mobley
Batting: SHB Luis Manuel Flores 0-0: Called Strike
0-1: Ball
1-1: Foul Ball, location: 2F
1-2: Ball
2-2: Foul Ball, location: 2F
2-2: Strikes out swinging
Batting: RHB James Hill 0-0: Ball
1-0: Ball
2-0: Ground out 4-3 (Groundball, 4M)
Batting: RHB Jorge Salgado 0-0: Called Strike
0-1: Ball
1-1: Foul Ball, location: 2F
1-2: Ball
2-2: Foul Ball, location: 2F
2-2: Strikes out swinging
Top of the 1st over - 0 runs, 0 hits, 0 errors, 0 left on base; Hialeah 0 - Port Royal 0
BOTTOM OF THE 1ST
Port Royal Disaster batting - Pitching for Hialeah Dodos : RHP Woo-suk Cho
Pitching: RHP Woo-suk Cho
Batting: LHB Ricky Payton 0-0: Ball
1-0: Called Strike
1-1: Ground out 3-1 (Groundball, 34S)
Batting: SHB Júlio Morín Jr. 0-0: Ball
1-0: SINGLE (Line Drive, 8RS)
Batting: RHB Michael Brannon 0-0: Ball
1-0: Ball
2-0: Foul Ball, location: 2F
2-1: Ball
3-1: SINGLE (Flyball, 7LM)
Júlio Morín Jr. to second
Batting: RHB John Burton 0-0: Ball
1-0: Called Strike
1-1: Ground out 5-3 (Groundball, 56S)
Júlio Morín Jr. to third
Michael Brannon to second
Batting: LHB Mitchell Cusimano 0-0: Swinging Strike
0-1: Ground out 4-3 (Groundball, 4)
Bottom of the 1st over - 0 runs, 2 hits, 0 errors, 2 left on base; Hialeah 0 - Port Royal 0
TOP OF THE 2ND
Hialeah Dodos batting - Pitching for Port Royal Disaster : RHP Elton Mobley
Batting: RHB Clarence Weber 0-0: Swinging Strike
0-1: Called Strike
0-2: Foul Ball, location: 2F
0-2: Ground out 3-1 (Groundball, 34)
Batting: LHB Errol Levick 0-0: Foul Ball, location: 2F
0-1: Swinging Strike
0-2: Strikes out swinging
Batting: RHB Armando García 0-0: Foul Ball, location: 2F
Error on foul ball, E3
0-2: Ball
1-2: DOUBLE (Flyball, 78D)
Batting: RHB Aurelio Álvarez 0-0: Called Strike
0-1: Swinging Strike
0-2: Strikes out swinging
Top of the 2nd over - 0 runs, 1 hit, 1 error, 1 left on base; Hialeah 0 - Port Royal 0
BOTTOM OF THE 2ND
Port Royal Disaster batting - Pitching for Hialeah Dodos : RHP Woo-suk Cho
Batting: RHB Richard Cutshall 0-0: Called Strike
0-1: Ball
1-1: Ball
2-1: Ground out U3 (Groundball, 3S)
Batting: LHB Willis Baker 0-0: Called Strike
0-1: Called Strike
0-2: Ball
1-2: Fly out, F4 (Line Drive, 4)
Batting: LHB José Vázquez 0-0: SOLO HOME RUN (Flyball, 7LD), Distance : 352 ft
Batting: RHB Domingo Bravo 0-0: Called Strike
0-1: SINGLE (Groundball, 6MD)
Batting: LHB Ricky Payton 0-0: Ball
1-0: Ball
Domingo Bravo steals 2nd base
2-0: Ball
3-0: Called Strike
3-1: Foul Ball, location: 2F
3-2: Ground out 4-3 (Groundball, 4)
Bottom of the 2nd over - 1 run, 2 hits, 0 errors, 1 left on base; Hialeah 0 - Port Royal 1
TOP OF THE 3RD
Hialeah Dodos batting - Pitching for Port Royal Disaster : RHP Elton Mobley
Batting: SHB Javier Gonzáles 0-0: Swinging Strike
0-1: Called Strike
0-2: Ball
1-2: Ball
2-2: Ground out 4-3 (Groundball, 34)
Batting: RHB Jack Head 0-0: Fly out, F7 (Flyball, 78D)
Batting: SHB Luis Manuel Flores 0-0: Called Strike
0-1: Ball
1-1: Foul Ball, location: 2F
1-2: Ball
2-2: Ball
3-2: Ground out 6-3 (Groundball, 6)
Top of the 3rd over - 0 runs, 0 hits, 0 errors, 0 left on base; Hialeah 0 - Port Royal 1
BOTTOM OF THE 3RD
Port Royal Disaster batting - Pitching for Hialeah Dodos : RHP Woo-suk Cho
Batting: SHB Júlio Morín Jr. 0-0: SINGLE (Groundball, 56D)
Batting: RHB Michael Brannon 0-0: Called Strike
0-1: SINGLE (Groundball, 56D)
Júlio Morín Jr. to second
Batting: RHB John Burton 0-0: Ball
1-0: Foul Ball, location: 2F
1-1: SINGLE (Flyball, 89S)
Júlio Morín Jr. to third
Michael Brannon to second
Batting: LHB Mitchell Cusimano 0-0: Called Strike
0-1: Ball
1-1: Fielders Choice at 2nd, 6-4 (Groundball, 6M)
Júlio Morín Jr. scores
Michael Brannon to third
Batting: RHB Richard Cutshall 0-0: Ball
1-0: Fly out, F8 (Flyball, 8RD)
Runner from 3rd tags up, SCORES, throw made
Batting: LHB Willis Baker 0-0: Ball
Mitchell Cusimano is caught stealing 2nd base
Bottom of the 3rd over - 2 runs, 3 hits, 0 errors, 0 left on base; Hialeah 0 - Port Royal 3
TOP OF THE 4TH
Hialeah Dodos batting - Pitching for Port Royal Disaster : RHP Elton Mobley
Batting: RHB James Hill 0-0: SINGLE (Groundball, 6MD)
Batting: RHB Jorge Salgado 0-0: Called Strike
0-1: Grounds into double play, 4-6-3 (Groundball, 4)
Batting: RHB Clarence Weber 0-0: Ball
1-0: Called Strike
1-1: Ball
2-1: Fly out, F5 (Line Drive, 5S)
Top of the 4th over - 0 runs, 1 hit, 0 errors, 0 left on base; Hialeah 0 - Port Royal 3
BOTTOM OF THE 4TH
Port Royal Disaster batting - Pitching for Hialeah Dodos : RHP Woo-suk Cho
Batting: LHB Willis Baker 0-0: Ball
1-0: Foul Ball, location: 2F
1-1: Swinging Strike
1-2: SINGLE (Groundball, 4D)
Batting: LHB José Vázquez 0-0: Ball
1-0: Called Strike
1-1: Ball
2-1: Swinging Strike
2-2: Ball
3-2: SINGLE (Groundball, 56D)
Willis Baker to second
Batting: RHB Domingo Bravo 0-0: Ball
1-0: Ball
2-0: Ball
3-0: Base on Balls
Willis Baker to third
José Vázquez to second
Batting: LHB Ricky Payton 0-0: Ball
1-0: Called Strike
1-1: Ball
2-1: Called Strike
2-2: Ball
3-2: Strikes out looking
Batting: SHB Júlio Morín Jr. 0-0: Called Strike
0-1: Foul Ball, location: 2F
0-2: Ball
1-2: Foul Ball, location: 2F
1-2: Fly out, F7 (Flyball, 78D)
Runner from 3rd tags up, SCORES, no throw
Batting: RHB Michael Brannon 0-0: Called Strike
0-1: Fly out, F9 (Flyball, 9LMF)
Bottom of the 4th over - 1 run, 2 hits, 0 errors, 2 left on base; Hialeah 0 - Port Royal 4
TOP OF THE 5TH
Hialeah Dodos batting - Pitching for Port Royal Disaster : RHP Elton Mobley
Batting: LHB Errol Levick 0-0: Ball
1-0: Swinging Strike
1-1: Foul Ball, location: 2F
1-2: Fly out, F5 (Popup, 5F)
Batting: RHB Armando García 0-0: Ball
1-0: SINGLE (Groundball, 56D)
Batting: RHB Aurelio Álvarez 0-0: Ball
1-0: Ball
2-0: Called Strike
2-1: Ball
3-1: Called Strike
3-2: Strikes out swinging
Batting: SHB Javier Gonzáles 0-0: Called Strike
0-1: Foul Ball, location: 2F
0-2: Foul Ball, location: 2F
0-2: Ball
1-2: Ball
Passed Ball!
Armando García to second
2-2: Fly out, F8 (Flyball, 8LM)
Top of the 5th over - 0 runs, 1 hit, 0 errors, 1 left on base; Hialeah 0 - Port Royal 4
BOTTOM OF THE 5TH
Port Royal Disaster batting - Pitching for Hialeah Dodos : RHP Woo-suk Cho
Batting: RHB John Burton 0-0: Fly out, F8 (Flyball, 89D)
Batting: LHB Mitchell Cusimano 0-0: Hit by Pitch
Batting: RHB Richard Cutshall 0-0: Fly out, F4 (Popup, 4MS)
Batting: LHB Willis Baker 0-0: Called Strike
Mitchell Cusimano is caught stealing 2nd base
Bottom of the 5th over - 0 runs, 0 hits, 0 errors, 0 left on base; Hialeah 0 - Port Royal 4
TOP OF THE 6TH
Hialeah Dodos batting - Pitching for Port Royal Disaster : RHP Elton Mobley
Batting: RHB Jack Head 0-0: Ball
1-0: Called Strike
1-1: Ball
2-1: Ball
3-1: Base on Balls
Batting: SHB Luis Manuel Flores 0-0: Called Strike
0-1: Ball
1-1: Fielders Choice at 2nd, 6-4 (Groundball, 56)
Batting: RHB James Hill 0-0: Swinging Strike
0-1: Fly out, F3 (Line Drive, 3S)
Batting: RHB Jorge Salgado 0-0: Called Strike
Luis Manuel Flores steals 2nd base
0-1: Called Strike
0-2: Foul Ball, location: 2F
0-2: Ball
1-2: Foul Ball, location: 2F
1-2: SINGLE (Groundball, 4MD)
Luis Manuel Flores to third
Runner from 3rd tries for Home, SAFE, no throw
Batting: RHB Clarence Weber 0-0: Ball
1-0: Called Strike
1-1: Ball
2-1: Called Strike
2-2: Foul Ball, location: 2F
2-2: Foul Ball, location: 2F
2-2: Strikes out swinging
Top of the 6th over - 1 run, 1 hit, 0 errors, 1 left on base; Hialeah 1 - Port Royal 4
BOTTOM OF THE 6TH
Port Royal Disaster batting - Pitching for Hialeah Dodos : RHP Woo-suk Cho
Batting: LHB Willis Baker 0-0: Called Strike
0-1: Ball
1-1: Ball
2-1: Swinging Strike
2-2: Foul Ball, location: 2F
2-2: Foul Ball, location: 2F
2-2: Strikes out swinging
Batting: LHB José Vázquez 0-0: Called Strike
0-1: Ball
1-1: DOUBLE (Line Drive, 7LS)
Batting: RHB Domingo Bravo 0-0: Ground out 6-3 (Groundball, 6)
Batting: LHB Ricky Payton 0-0: Ground out 5-3 (Groundball, 56)
Bottom of the 6th over - 0 runs, 1 hit, 0 errors, 1 left on base; Hialeah 1 - Port Royal 4
TOP OF THE 7TH
Hialeah Dodos batting - Pitching for Port Royal Disaster : RHP Elton Mobley
Batting: LHB Errol Levick 0-0: Ball
1-0: Foul Ball, location: 2F
1-1: Swinging Strike
1-2: Ball
2-2: Strikes out swinging
Pitching: LHP Chet Saks
Batting: RHB Armando García 0-0: Ball
1-0: Swinging Strike
1-1: Foul Ball, location: 2F
1-2: Ball
2-2: Ground out 6-3 (Groundball, 6)
Batting: RHB Aurelio Álvarez 0-0: Fly out, F7 (Flyball, 7S)
Top of the 7th over - 0 runs, 0 hits, 0 errors, 0 left on base; Hialeah 1 - Port Royal 4
BOTTOM OF THE 7TH
Port Royal Disaster batting - Pitching for Hialeah Dodos : RHP Woo-suk Cho
Batting: SHB Júlio Morín Jr. 0-0: Ball
1-0: Fly out, F7 (Line Drive, 7S)
Batting: RHB Michael Brannon 0-0: Called Strike
0-1: Foul Ball, location: 2F
0-2: Ball
1-2: Fly out, F8 (Line Drive, 8LD)
Batting: RHB John Burton 0-0: Ball
1-0: SINGLE (Groundball, 6) (infield hit)
Batting: LHB Mitchell Cusimano 0-0: Called Strike
0-1: Ball
John Burton steals 2nd base
1-1: Swinging Strike
1-2: Foul Ball, location: 2F
1-2: Ball
2-2: Ball
3-2: Foul Ball, location: 2F
3-2: Ground out 1-3 (Groundball, 13)
Bottom of the 7th over - 0 runs, 1 hit, 0 errors, 1 left on base; Hialeah 1 - Port Royal 4
TOP OF THE 8TH
Hialeah Dodos batting - Pitching for Port Royal Disaster : LHP Chet Saks
Pitching: RHP Masaharu Sakata
Now at 1B: Manuel Becerra
Batting: SHB Javier Gonzáles 0-0: Called Strike
0-1: Ball
1-1: Foul Ball, location: 2F
1-2: Fly out, F7 (Flyball, 7S)
Batting: RHB Jack Head 0-0: Ground out U3 (Groundball, 3D)
Batting: SHB Luis Manuel Flores 0-0: Ball
1-0: Fly out, F7 (Flyball, 7)
Top of the 8th over - 0 runs, 0 hits, 0 errors, 0 left on base; Hialeah 1 - Port Royal 4
BOTTOM OF THE 8TH
Port Royal Disaster batting - Pitching for Hialeah Dodos : RHP Woo-suk Cho
Batting: RHB Richard Cutshall 0-0: Ball
1-0: Ball
2-0: Ball
3-0: Called Strike
3-1: Fly out, F9 (Flyball, 9LSF)
Batting: LHB Willis Baker 0-0: Swinging Strike
0-1: Ball
1-1: Foul Ball, location: 2F
1-2: Fly out, F5 (Line Drive, 5S)
Batting: LHB José Vázquez 0-0: Ball
1-0: Ball
2-0: Ball
3-0: Called Strike
3-1: Swinging Strike
3-2: Base on Balls
Batting: RHB Domingo Bravo 0-0: Fielders Choice at 2nd, 5-4 (Groundball, 56)
Bottom of the 8th over - 0 runs, 0 hits, 0 errors, 1 left on base; Hialeah 1 - Port Royal 4
TOP OF THE 9TH
Hialeah Dodos batting - Pitching for Port Royal Disaster : RHP Masaharu Sakata
Now at C: Lorenzo Díaz
Batting: RHB James Hill 0-0: Called Strike
0-1: Ball
1-1: Foul Ball, location: 2F
1-2: Foul Ball, location: 2F
1-2: Ball
2-2: Strikes out swinging
Batting: RHB Jorge Salgado 0-0: Ball
1-0: Foul Ball, location: 2F
1-1: Foul Ball, location: 2F
1-2: Ball
2-2: Strikes out swinging
Batting: RHB Clarence Weber 0-0: Foul Ball, location: 2F
0-1: Ground out 6-3 (Groundball, 6)
Top of the 9th over - 0 runs, 0 hits, 0 errors, 0 left on base; Hialeah 1 - Port Royal 4
Friday, March 29th, 2019 - OOTP Baseball 18.8 Build 76